AoeStats
← FrankstonSamurai

MegaRandom

505847400Analyzed
2v2 RM · 22d ago on Sep 11, 2026· 62m 9s· 4 players
Game mode
Random Map
Map size
Medium (4 player)
Population
200
Speed
Normal
Resources
Standard
Victory
Conquest
Starting age
Dark Age
Ending age
Imperial Age
RankedLock teamsTeams togetherTeam positionsShared explorationLock speedFull tech treeHidden civsTurbo modeCheats
Victory
Defeat
🇨🇳 Teutons · China
601
+10
🇫🇷 Huns · France
479
+22
🇦🇺 Bulgarians · Australia
508
-14
🇦🇺 Byzantines · Australia
403
-10
philcorei5
1:06 Loom
13:24 Feudal Age
14:02 Double-Bit Axe
14:40 Horse Collar
14:57 Man-at-Arms
19:57 Wheelbarrow
21:58 Gold Mining
30:30 Castle Age
28:59 Town Watch
30:36 Crossbowman
31:22 Thumb Ring
31:51 Heavy Plow
31:50 Long Swordsman
32:33 Squires
33:40 Town Patrol
37:00 Gold Shaft Mining
39:28 Husbandry
39:45 Bloodlines
38:56 Light Cavalry
43:49 Imperial Age
43:52 Cavalier
44:10 Sappers
45:01 Conscription
45:16 Parthian Tactics
47:08 Hand Cart
46:28 Two-Handed Swordsman
48:51 Elite Tarkan
53:22 Heavy Cavalry Archer
54:52 Bow Saw
527552271
12:02 Feudal Age
16:56 Wheelbarrow
23:08 Double-Bit Axe
23:07 Horse Collar
25:30 Castle Age
23:41 Gold Mining
23:45 Stone Mining
25:15 Bloodlines
26:27 Heavy Plow
26:41 Bow Saw
26:47 Forging
26:42 Scale Barding Armor
27:06 Hand Cart
35:14 Imperial Age
36:43 Conscription
36:48 Crenellations
37:05 Hoardings
35:51 Elite Teutonic Knight
37:55 Crop Rotation
38:31 Two-Man Saw
37:10 Cavalier
38:42 Masonry
39:35 Guilds
41:19 Chain Barding Armor
41:35 Iron Casting
43:17 Stone Shaft Mining
43:11 Ironclad
42:19 Pikeman
43:00 Squires
43:39 Caravan
45:20 Paladin
47:25 Plate Barding Armor
47:51 Blast Furnace
49:36 Blast Furnace
48:39 Scale Mail Armor
53:14 Halberdier
54:12 Chain Mail Armor
54:06 Onager
55:55 Chemistry
56:45 Loom
56:46 Town Watch
57:22 Siege Engineers
57:40 Ballistics
FrankstonSamurai
12:05 Feudal Age
13:01 Double-Bit Axe
14:09 Horse Collar
24:56 Castle Age
27:13 Medium Warships
27:37 Squires
29:26 Gold Mining
29:27 Stone Mining
29:55 Bow Saw
30:05 Gambesons
31:42 Loom
34:40 Imperial Age
32:41 Forging
33:13 Heavy Plow
37:22 Heavy Warships
37:16 Guard Tower
37:39 Masonry
38:28 Wheelbarrow
37:40 Town Watch
38:59 Bloodlines
38:50 Husbandry
39:07 Pikeman
41:54 Hand Cart
41:42 Town Patrol
43:16 Murder Holes
44:03 Architecture
44:13 Keep
44:10 Conscription
45:51 Onager
47:02 Siege Engineers
47:26 Ballistics
47:25 Stirrups
48:29 Siege Onager
51:11 Elite Konnik
57:02 Bagains
58:50 Careening
DiiNGERS
1:10 Loom
13:23 Feudal Age
15:38 Wheelbarrow
15:57 Double-Bit Axe
19:06 Gold Mining
19:06 Stone Mining
18:59 Horse Collar
24:27 Castle Age
22:47 Arson
22:26 Man-at-Arms
23:39 Scale Mail Armor
25:53 Fervor
27:06 Scale Barding Armor
27:01 Padded Archer Armor
26:30 Long Swordsman
26:31 Pikeman
28:15 Hand Cart
28:44 Bow Saw
28:32 Gambesons
35:19 Imperial Age
33:19 Chain Mail Armor
33:16 Forging
32:50 Treadmill Crane
34:30 Murder Holes
34:45 Fortified Wall
34:38 Light Cavalry
36:27 Ballistics
36:14 Husbandry
36:25 Greek Fire
36:50 Heavy Plow
37:59 Gold Shaft Mining
38:12 Stone Shaft Mining
38:59 Cavalier
39:04 Heavy Camel Rider
40:06 Siphons
43:13 Elite Cataphract
44:37 Plate Mail Armor
45:40 Hoardings
45:27 Conscription
45:53 Halberdier
46:35 Squires
47:28 Capped Ram
47:29 Onager
50:13 Logistica
50:54 Caravan
51:05 Guilds
Connection lost

Rejoining the realm…

Still unreachable

The connection could not be restored.

Session expired

The server has moved on; the page needs a fresh start.